 Dungeon Crawl Stone Soup version 0.18-a0-1121-gb454403 (webtiles) character file.

10822 Geeful the Scholar (level 11, -36/64 HPs)
             Began as an Octopode Wizard on Jan 12, 2016.
             Was an Elder of Sif Muna.
             Annihilated by Wallaby3's ghost (43 damage)
             ... on level 1 of the Lair of Beasts on Jan 18, 2016.
             The game lasted 01:42:11 (15927 turns).

Geeful the Scholar (Octopode Wizard)               Turns: 15927, Time: 01:42:11

Health: -36/64     AC:  2    Str: 10    XL:     11   Next: 68%
Magic:  0/24       EV: 13    Int: 25    God:    Sif Muna [****..]
Gold:   801        SH:  0    Dex: 11    Spells: 7 memorised, 11 levels left

rFire  . . .     SeeInvis .     a - +5 scythe "Finisher" {speed, Str+3}
rCold  + . .     Gourm    .     (shield currently unavailable)
rNeg   . . .     Faith    .     F - +1 hat
rPois  .         Spirit   .     (no amulet)
rElec  .         Dismiss  .     h - ring of protection from cold
rCorr  .         Reflect  .     e - +2 ring of intelligence
SustAt +         Harm     .     q - +2 ring of evasion
MR     .....                    m - ring of wizardry
Stlth  +++++.....               u - ring of stealth
                                Q - ring of sustain attributes
                                (no ring)
                                (no ring)

@: repel missiles, not resistant to hostile enchantments, quite stealthy
A: almost no armour, amphibious, 8 rings, constrict 8, camouflage 1, gelatinous
body 1
a: Channel Energy, Forget Spell, Renounce Religion


You were on level 1 of the Lair of Beasts.
You worshipped Sif Muna.
Sif Muna was greatly pleased with you.
You were hungry.

You visited 3 branches of the dungeon, and saw 15 of its levels.

You collected 801 gold pieces.

Inventory:

Hand Weapons
 a - the +5 scythe "Finisher" (weapon) {speed, Str+3}
   (You found it on level 5 of the Dungeon)

   Attacks with this weapon are significantly faster.
   It affects your strength (+3).
 b - a +1 blowgun
 s - a +1 short sword of flaming
 K - a +3 long sword of holy wrath
 T - a +1 dagger of venom
Missiles
 k - 41 poisoned needles
Armour
 F - a +1 hat (worn)
Jewellery
 e - a +2 ring of intelligence (right tentacle)
 h - a ring of protection from cold (left tentacle)
 m - a ring of wizardry (on tentacle)
 q - a +2 ring of evasion (on tentacle)
 u - a ring of stealth (on tentacle)
 Q - a ring of sustain attributes (on tentacle)
Wands
 l - a wand of slowing (32/48)
 t - a wand of slowing (31/48)
 v - a wand of draining (4/15)
 E - a wand of confusion (6/48)
 G - a wand of draining (6/15)
 I - a wand of draining (0/15)
 N - a wand of slowing (17/48)
 O - a wand of enslavement (3/24)
 S - a wand of disintegration (15/24)
Scrolls
 f - 6 scrolls of teleportation
 g - 2 scrolls of fog
 j - 6 scrolls of remove curse
 n - 3 scrolls of recharging
 M - 2 scrolls of identify
Potions
 d - a potion of cure mutation
 i - 3 potions of flight
 x - 5 potions of lignification
 z - 3 potions of magic
 A - 3 potions of curing
 J - 3 potions of haste
Books
 r - a book of Minor Magic

   Spells                             Type                      Level
   a - Magic Dart                     Conjuration                  1
   b - Blink                          Translocation                2
   c - Call Imp                       Summoning                    2
   d - Repel Missiles                 Charms/Air                   2
   e - Slow                           Hexes                        2
   f - Conjure Flame                  Conjuration/Fire             3
   g - Mephitic Cloud                 Conjuration/Poison/Air       3
 y - a book of Hinderance

   Spells                             Type                      Level
   a - Confusing Touch                Hexes                        2
   b - Confuse                        Hexes                        3
   c - Gell's Gravitas                Hexes/Translocation          3
   d - Petrify                        Transmutation/Earth          4
   e - Metabolic Englaciation         Hexes/Ice                    5
   f - Yara's Violent Unravelling     Hexes/Transmutation          5
 D - a book of Enchantments

   Spells                             Type                      Level
   a - Cause Fear                     Hexes                        4
   b - Yara's Violent Unravelling     Hexes/Transmutation          5
   c - Silence                        Hexes/Air                    5
   d - Deflect Missiles               Charms/Air                   6
   e - Haste                          Charms                       6
   f - Discord                        Hexes                        8
 H - a book of Party Tricks

   Spells                             Type                      Level
   a - Summon Butterflies             Summoning                    1
   b - Apportation                    Translocation                1
   c - Tukima's Dance                 Hexes                        3
   d - Alistair's Intoxication        Transmutation/Poison         5
   e - Invisibility                   Hexes                        6
 L - a book of the Dragon

   Spells                             Type                      Level
   a - Flame Tongue                   Conjuration/Fire             1
   b - Cause Fear                     Hexes                        4
   c - Bolt of Fire                   Conjuration/Fire             6
   d - Dragon Form                    Transmutation                7
   e - Dragon's Call                  Summoning                    9
 P - a book of Beasts

   Spells                             Type                      Level
   a - Summon Butterflies             Summoning                    1
   b - Call Canine Familiar           Summoning                    3
   c - Summon Ice Beast               Ice/Summoning                4
   d - Summon Mana Viper              Hexes/Summoning              5
   e - Summon Hydra                   Summoning                    7
Comestibles
 c - 7 bread rations
 o - 12 fruits
 p - 9 chunks of flesh
 w - a beef jerky
 C - 7 meat rations


   Skills:
 - Level 2.0 Fighting
 - Level 9.1 Dodging
 - Level 5.4 Stealth
 + Level 9.0 Spellcasting
 + Level 8.1 Conjurations
 - Level 0.4 Hexes
 - Level 1.0 Summonings
   Level 1.0 Translocations
 + Level 3.4 Fire Magic
 - Level 9.4 Invocations


You had 11 spell levels left.
You knew the following spells:

 Your Spells              Type           Power        Failure   Level  Hunger
a - Magic Dart            Conj           ####         1%          1    None
b - Call Imp              Summ           ###.....     3%          2    None
c - Mephitic Cloud        Conj/Pois/Air  ###.....     3%          3    None
d - Conjure Flame         Conj/Fire      #####...     1%          3    None
e - Repel Missiles        Chrm/Air       ##....       4%          2    None
f - Tukima's Dance        Hex            ##......     6%          3    None
g - Confuse               Hex            ##......     6%          3    None


Dungeon Overview and Level Annotations

Branches:
Dungeon (12/15)            Temple (0/1) D:5            Lair (1/8) D:8
    Orc (2/2) D:9
    Elf: Orc:2

Altars:
Cheibriados
Makhleb
Nemelex Xobeh
Okawaru
Qazlal
Ru
Sif Muna
Yredelemnul
The Shining One

Annotations:
Lair:1 Wallaby3's ghost, journeyman OgWn
Orc:2 Urug


Innate Abilities, Weirdness & Mutations

You cannot wear most types of armour.
You are amphibious.
You can wear up to eight rings at the same time.
You can use your tentacles to constrict eight enemies at once.
Your skin changes colour to match your surroundings (Stealth).
Your rubbery body absorbs attacks (AC +1).


Message History

Zapping:
E - a wand of confusion (8/48)
Press: ? - help, Shift-Dir - straight line, f/p - Wallaby3's ghost
Aim: Wallaby3's ghost, wielding an antimagic weapon (chance to defeat MR: 9%) Wallaby3's ghost resists with almost no effort.
This wand has 7 charges left.
Wallaby3's ghost hits you!
You feel your power leaking away.
Evoke which item? (* to show all) (? for menu, Esc to quit)
Zapping:
E - a wand of confusion (7/48)
Press: ? - help, Shift-Dir - straight line, f/p - Wallaby3's ghost
Aim: Wallaby3's ghost, wielding an antimagic weapon (chance to defeat MR: 9%) Wallaby3's ghost resists with almost no effort.
This wand has 6 charges left.
You are feeling hungry.
Wallaby3's ghost hits you!!!
Ouch! That really hurt!
* * * LOW HITPOINT WARNING * * *
You feel your power leaking away. Wallaby3's ghost hits you!!!
Ouch! That really hurt!
You die...

######## ### ###
#####.#P##P######.######P########
.................................
....#####'##.##.....####..##....#
....## ##..####.....###P.####...#
.....###.+#####.....#......##...#
....###.....##..W....#.....##...+
....# #......#..@...##..........#
.รท..###.....##.............##...#
.....##.....###.....#...........#
....###+.#### #.....##.....##...#
....# #.## #.....#####.###...#
....###+.###P##...[.##.##.P##...#
.................................
.................................
................ ...............


You could see Wallaby3's ghost.

Vanquished Creatures
  4 hill giants
  An ugly thing (D:12)
  The ghost of Wallaby3 the Cudgeler, a novice OgEn (D:6)
  Joseph (D:10)
  A troll (Orc:1)
  Grinder (D:4)
  8 yaks
  A wyvern (D:9)
  2 wargs (Orc:1)
  A hippogriff (Lair:1)
  2 water moccasins
  A porcupine (Lair:1)
  A black bear (D:12)
  13 orc warriors
  A swamp drake (D:9)
  6 sky beasts
  2 ice beasts
  7 ogres
  5 centaurs
  3 crocodiles
  A big kobold (D:10)
  2 giant frogs
  4 scorpions (D:10)
  5 crimson imps
  7 hounds
  2 jellies
  2 quasits
  A centaur zombie (D:6)
  7 orc priests
  19 orc wizards
  2 giant frog skeletons
  2 iguanas
  4 worker ants
  A giant frog simulacrum (D:9)
  3 hound skeletons
  A worker ant zombie (D:5)
  6 adders
  A river rat (Lair:1)
  A shadow imp (D:8)
  A white imp (D:9)
  A worker ant simulacrum (D:9)
  2 ufetubi
  An ooze (D:2)
  A worm (D:2)
  3 giant geckos (D:5)
  55 orcs
  7 giant cockroaches
  8 goblins
  6 hobgoblins
  3 jackals (D:5)
  6 quokkas
  9 bats
  A giant gecko skeleton (D:8)
  3 giant newts
  A jackal skeleton (D:7)
  8 kobolds
  A quokka skeleton (D:5)
  A quokka zombie (D:6)
  7 rats
  A fungus (Lair:1)
259 creatures vanquished.

Vanquished Creatures (collateral kills)
  A hill giant (D:10)
  A yak (D:10)
  A sky beast (D:10)
  A phantom (D:9)
  4 ogres
  The ghost of did4411 the Cudgeler, an amateur DsGl (D:3)
  A centaur (D:5)
  A jelly (D:7)
  2 orc priests
  4 adders
  A worm (D:2)
  An orc (D:8)
  A giant cockroach (D:2)
  2 hobgoblins (D:2)
  A kobold (D:2)
23 creatures vanquished.

Vanquished Creatures (others)
  A dancing weapon (D:9)
  2 fungi (Lair:1)
3 creatures vanquished.

Grand Total: 285 creatures vanquished

Notes
Turn   | Place    | Note
--------------------------------------------------------------
     0 | D:1      | Geeful the Octopode Wizard began the quest for the Orb.
     0 | D:1      | Reached XP level 1. HP: 11/11 MP: 4/4
   132 | D:1      | Upgraded the game from 0.18-a0-1067-gcdacec3 to 0.18-a0-1121-gb454403
   356 | D:1      | Reached XP level 2. HP: 17/17 MP: 3/6
   657 | D:1      | Learned a level 2 spell: Call Imp
  1032 | D:2      | Found an iron altar of Okawaru.
  1176 | D:2      | Found a deep blue altar of Sif Muna.
  1178 | D:2      | Found a stormy altar of Qazlal.
  1178 | D:2      | Found a sparkling altar of Nemelex Xobeh.
  1180 | D:2      | Found a burning altar of Makhleb.
  1186 | D:2      | Reached XP level 3. HP: 19/21 MP: 7/7
  1210 | D:2      | Became a worshipper of Sif Muna the Loreminder
  1396 | D:2      | Learned a level 3 spell: Mephitic Cloud
  1878 | D:2      | Reached XP level 4. HP: 27/27 MP: 5/9
  2067 | D:2      | Found a snail-covered altar of Cheibriados.
  2398 | D:2      | Reached skill level 4 in Spellcasting
  2600 | D:2      | Learned a level 3 spell: Conjure Flame
  2662 | D:3      | Noticed did4411's ghost (amateur DsGl)
  2911 | D:3      | Killed did4411's ghost
  2911 | D:3      | Reached XP level 5. HP: 10/31 MP: 4/11
  3127 | D:3      | Learned a level 2 spell: Repel Missiles
  4167 | D:4      | Noticed Grinder
  4354 | D:4      | Found a basalt altar of Yredelemnul.
  4705 | D:5      | Entered Level 5 of the Dungeon
  4715 | D:5      | Noticed an ogre
  4822 | D:5      | Killed an ogre
  4822 | D:5      | Reached skill level 1 in Invocations
  4822 | D:5      | Reached XP level 6. HP: 36/36 MP: 5/12
  5203 | D:5      | Found a sacrificial altar of Ru.
  5503 | D:5      | Found a staircase to the Ecumenical Temple.
  5524 | D:5      | Reached XP level 7. HP: 35/41 MP: 9/13
  5754 | D:5      | Found a glowing golden altar of the Shining One.
  5983 | D:6      | Noticed Wallaby3's ghost (novice OgEn)
  6010 | D:6      | Killed Wallaby3's ghost
  6010 | D:6      | Reached skill level 5 in Dodging
  6010 | D:6      | Reached skill level 5 in Invocations
  6010 | D:6      | Reached XP level 8. HP: 28/46 MP: 14/14
  6500 | D:6      | Reached skill level 6 in Dodging
  6831 | D:6      | You fall through a shaft for 3 floors!
  7382 | D:7      | Reached skill level 7 in Dodging
  7530 | D:7      | Reached XP level 9. HP: 51/51 MP: 10/15
  8210 | D:8      | Found a staircase to the Lair.
  8226 | D:8      | Reached skill level 8 in Invocations
  9419 | D:9      | Reached skill level 9 in Invocations
  9647 | D:9      | Found a staircase to the Orcish Mines.
  9856 | D:9      | Reached skill level 1 in Fighting
  9856 | D:9      | Reached XP level 10. HP: 56/58 MP: 17/17
  9888 | D:9      | Reached skill level 5 in Spellcasting
 10002 | D:9      | Reached * piety under Sif Muna
 10135 | D:10     | Entered Level 10 of the Dungeon
 10135 | D:10     | Noticed a hill giant
 10159 | D:10     | Noticed Joseph
 10159 | D:10     | Noticed a hill giant
 10501 | D:10     | Killed Joseph
 10768 | D:10     | You fall through a shaft for 2 floors!
 10776 | D:12     | Noticed a cyan ugly thing
 10854 | D:12     | Killed a cyan ugly thing
 10854 | D:12     | Reached ** piety under Sif Muna
 10854 | D:12     | Reached skill level 5 in Conjurations
 11203 | D:12     | Noticed a hill giant
 11468 | D:9      | Killed a hill giant
 11615 | D:10     | Killed a hill giant
 12030 | D:10     | Noticed a hill giant
 12031 | D:10     | Noticed a hill giant
 12043 | D:10     | Killed a hill giant
 12043 | D:10     | Reached *** piety under Sif Muna
 12043 | D:10     | Reached XP level 11. HP: 64/64 MP: 22/22
 12059 | D:10     | Killed a hill giant
 12467 | D:10     | Noticed a hill giant
 12486 | D:10     | Reached skill level 5 in Stealth
 12541 | D:10     | Killed a hill giant
 13203 | D:4      | Killed Grinder
 13370 | Orc:1    | Entered Level 1 of the Orcish Mines
 13397 | Orc:1    | Reached skill level 1 in Fire Magic
 14040 | Orc:1    | Learned a level 3 spell: Tukima's Dance
 14178 | Orc:2    | Entered Level 2 of the Orcish Mines
 14600 | Orc:2    | Noticed Urug
 14772 | Orc:1    | Reached **** piety under Sif Muna
 15151 | Orc:1    | Learned a level 3 spell: Confuse
 15279 | Lair:1   | Entered Level 1 of the Lair of Beasts
 15792 | Lair:1   | Noticed Wallaby3's ghost (journeyman OgWn)
 15927 | Lair:1   | Annihilated by Wallaby3's ghost

Vault maps used:
D:1:      minmay_arrival_five_plusses
D:2:      okawaru_trees_1, cheibriados_altar_wand_db, grunt_temple_overflow_open
D:4:      yredelemnul_altar_generic, first_bread, uniq_grinder
D:5:      hangedman_ru_absence, minmay_temple_entry_large_hall,
          nicolae_tso_carved_into_rock
D:8:      lair_0_dummy
D:9:      erik_orc_1, serial_ice, serial_ice_d, serial_ice_b, serial_ice_h,
          serial_ice_a
D:10:     uniq_joseph
D:11:     serial_column_ruins, column_ruins_temple_hall, column_ruins_hut,
          column_ruins_columns_corner, column_ruins_grid_1,
          column_ruins_open_tiny, column_ruins_columns_dead_end,
          column_ruins_open_tiny, column_ruins_open_medium,
          column_ruins_open_small, uniq_maurice
Lair:1:   grunt_megastairs_2
Orc:1:    guppyfry_library_mini
Orc:2:    st_orc_ogre_mass, sword_in_stone, uniq_nessos

Action                   |  1- 3 |  4- 6 |  7- 9 | 10-12 || total
-------------------------+-------+-------+-------+-------++-------
Melee: Unarmed           |     5 |       |       |       ||     5
       Hand axe          |     1 |       |       |       ||     1
       War axe           |    27 |       |       |       ||    27
       Long sword        |       |    75 |    11 |       ||    86
       Scythe            |       |       |   233 |   362 ||   595
 Fire: Blowgun           |       |       |    19 |    26 ||    45
Throw: Throwing net      |       |       |       |     2 ||     2
 Cast: Magic Dart        |    38 |     1 |     7 |       ||    46
       Call Imp          |     8 |    27 |    10 |     2 ||    47
       Mephitic Cloud    |       |     3 |    41 |    88 ||   132
       Repel Missiles    |       |     3 |       |     1 ||     4
       Tukima's Dance    |       |       |       |    10 ||    10
       Conjure Flame     |       |       |       |     2 ||     2
Evoke: Wand              |       |       |    20 |    45 ||    65
  Use: Scroll            |     2 |     1 |    17 |     9 ||    29
       Potion            |     1 |       |       |     8 ||     9
 Stab: Sleeping          |     3 |     6 |     7 |       ||    16
       Confused          |       |     1 |    22 |    38 ||    61
  Eat: Chunk             |     3 |     8 |    11 |    15 ||    37
       Pizza             |       |     1 |       |     1 ||     2
       Royal jelly       |       |     1 |       |       ||     1
       Beef jerky        |       |       |     3 |     2 ||     5
       Fruit             |       |       |       |     1 ||     1
